 Dungeon Crawl Stone Soup version 0.32-a0-473-gd044c6f0f0 (webtiles) character file.

Game seed: 12531194527224138120

161278 Asceticacid the Bludgeoner (level 17, -5/85 (90) HPs)
             Began as a Vine Stalker Fighter on Feb 25, 2024.
             Was an Initiate of Gozag.
             Slain by a deep elf death mage
             ... wielding the +10 demon blade of Theory {elec, rF+ Str-2 Dex+8}
              (8 damage)
             ... on level 3 of the Elven Halls.
             The game lasted 01:06:40 (26244 turns).

Asceticacid the Bludgeoner (Vine Stalker Fighter)  Turns: 26244, Time: 01:06:41

HP:   -5/85 (90)    AC: 42    Str: 27    XL:     17   Next: 78%
MP:   0/19          EV: 16    Int: 16    God:    Gozag
Gold: 643           SH:  0    Dex: 27    Spells: 16/16 levels left

rFire   + + .        v - +2 dire flail (protect)
rCold   + + +        (shield currently unavailable)
rNeg    . . .        t - +12 chain mail of the Komodo Dragon {+Inv rC+ Dex+2}
rPois   +            J - +1 hat {Will+}
rElec   +            Q - scarf {rC+ rF+}
rCorr   +            x - +0 pair of gloves "Foechiam" {Str+8}
SInv    +            p - +2 pair of boots of Oblivion {Str+3 Int+4 Dex+3}
Will    +++++        I - amulet of the acrobat Stlth
                     H - ring of Qazakhlef {+Blink rCorr AC+4 Str-3 SInv}
HPRegen 1.14/turn    m - ring "Orea" {^Drain +Blink rElec Will+ Int+4}
MPRegen 0.16/turn

%: acrobat, guardian spirit
@: mighty, brilliant, resistant, gold aura, under a protective aura,
enlightened, flying, hasted (expiring), studying Summonings, drained, very quick
A: fangs 3, regeneration 1, magic shield, antimagic bite, no potion heal 2, high
MP 1
a: Renounce Religion, Evoke Blink, Evoke Invisibility, Potion Petition, Call
Merchant, Bribe Branch


You were on level 3 of the Elven Halls.
You worshipped Gozag.
Gozag was pleased with you.
You visited 5 branches of the dungeon, and saw 25 of its levels.
You also visited: Bailey and Ice Cave.

You collected 9657 gold pieces.
You spent 3354 gold pieces at shops.
You paid 5660 gold pieces to Gozag.

Inventory:

Hand Weapons
 v - a +2 dire flail of protection (weapon)
 F - a +4 great mace of freezing
 R - the +5 demon whip "Spellbinder" {antimagic, disrupt, Will+}
   (You found it in a bailey)

   Will+:     It increases your willpower.
Missiles
 n - 35 poisoned darts
 y - 8 throwing nets
 L - 3 curare-tipped darts (quivered)
 Y - 6 atropa-tipped darts
Armour
 p - the +2 pair of boots of Oblivion (worn) {Str+3 Int+4 Dex+3}
   (You found it on level 15 of the Dungeon)

   Str+3:     It affects your strength (+3).
   Int+4:     It affects your intelligence (+4).
   Dex+3:     It affects your dexterity (+3).
 t - the +12 chain mail of the Komodo Dragon (worn) {+Inv rC+ Dex+2}
   (You bought it in a shop on level 2 of the Orcish Mines)

   Dex+2:     It affects your dexterity (+2).
   rC+:       It protects you from cold.
   +Inv:      It lets you turn invisible.
 x - the +0 pair of gloves "Foechiam" (worn) {Str+8}
   (You found it on level 3 of the Dungeon)

   Str+8:     It affects your strength (+8).
 J - a +1 hat of willpower (worn)
 Q - a scarf of resistance (worn)
Jewellery
 k - a ring of flight
 m - the ring "Orea" (right hand) {^Drain +Blink rElec Will+ Int+4}
   (You bought it in a shop on level 2 of the Orcish Mines)

   [ring of willpower]

   Int+4:     It affects your intelligence (+4).
   rElec:     It insulates you from electricity.
   Will+:     It increases your willpower.
   +Blink:    It lets you blink.
   ^Drain:    It drains your maximum health when unequipped.
 H - the ring of Qazakhlef (left hand) {+Blink rCorr AC+4 Str-3 SInv}
   (You bought it in a shop on level 15 of the Dungeon)

   [ring of protection]

   AC+4:      It affects your AC (+4).
   Str-3:     It affects your strength (-3).
   SInv:      It lets you see invisible.
   +Blink:    It lets you blink.
   rCorr:     It protects you from acid and corrosion.
 I - an amulet of the acrobat (around neck)
 M - a +6 ring of dexterity
Wands
 b - a wand of quicksilver (8)
 c - a wand of iceblast (12)
 e - a wand of mindburst (2)
 i - a wand of polymorph (5)
 A - a wand of digging (5)
 S - a wand of charming (10)
Scrolls
 f - 6 scrolls of amnesia
 h - 4 scrolls of enchant armour
 s - 4 scrolls of noise
 w - 5 scrolls of immolation
 B - 4 scrolls of enchant weapon
 C - a scroll of brand weapon
 G - 2 scrolls of fog
 K - 2 scrolls of identify
 N - 5 scrolls of poison
 T - 2 scrolls of blinking
 V - a scroll of fear
 W - a scroll of revelation
 X - a scroll of vulnerability
Potions
 a - 3 potions of invisibility
 d - 4 potions of might
 g - a potion of berserk rage
 j - 8 potions of curing
 l - 2 potions of ambrosia
 o - 3 potions of brilliance
 q - a potion of lignification {unknown}
 r - a potion of enlightenment
 z - a potion of mutation
 D - 3 potions of haste
 Z - 2 potions of cancellation
Miscellaneous
 E - a phantom mirror (inert)
 P - a box of beasts


   Skills:
 - Level 10.5 Fighting
 + Level 16.4 Maces & Flails
 - Level 5.4 Throwing
 + Level 14.8 Armour
 * Level 8.5 Dodging
 - Level 4.1 Shields
 * Level 11.4 Evocations


You had 16 spell levels left.
You didn't know any spells.
Your spell library contained the following spells:

 Spells                   Type           Power      Damage    Failure   Level
 Freeze                   Ice            0%         1d3       61%         1
 Kiss of Death            Conj/Necr      0%         2d5       61%         1
 Sandblast                Erth           0%         2d4       61%         1
 Scorch                   Fire           0%         2d5       75%         2
 Static Discharge         Conj/Air       0%         3-3/arc   75%         2
 Call Canine Familiar     Summ           0%         N/A       93%         3
 Confusing Touch          Hex            0%         N/A       93%         3
 Dazzling Flash           Conj/Hex       0%         N/A       93%         3
 Frozen Ramparts          Ice            0%         1d1       93%         3
 Fugue of the Fallen      Necr           0%         N/A       93%         3
 Gell's Gravitas          Tloc           0%         N/A       93%         3
 Hailstorm                Conj/Ice       0%         3d5       93%         3
 Ozocubu's Armour         Ice            0%         N/A       93%         3
 Passwall                 Erth           0%         N/A       93%         3
 Sigil of Binding         Hex            0%         N/A       93%         3
 Stone Arrow              Conj/Erth      0%         3d7       93%         3
 Teleport Other           Tloc           0%         N/A       93%         3
 Tukima's Dance           Hex            0%         N/A       93%         3
 Volatile Blastmotes      Fire/Tloc      0%         2d10      93%         3
 Airstrike                Air            0%         2d(0-16)  100%        4
 Brom's Barrelling Bould  Conj/Erth      0%         2d3       100%        4
 Dimensional Bullseye     Hex/Tloc       0%         N/A       100%        4
 Dispel Undead            Necr           0%         3d6       100%        4
 Flame Wave               Conj/Fire      0%         2d4       100%        4
 Leda's Liquefaction      Alch/Erth      0%         N/A       100%        4
 Manifold Assault         Tloc           0%         N/A       100%        4
 Passage of Golubria      Tloc           0%         N/A       100%        4
 Petrify                  Alch/Erth      0%         N/A       100%        4
 Summon Lightning Spire   Summ/Air       0%         N/A       100%        4
 Alistair's Intoxication  Alch           0%         N/A       100%        5
 Borgnjor's Vile Clutch   Necr/Erth      0%         N/A       100%        5
 Metabolic Englaciation   Hex/Ice        0%         N/A       100%        5
 Yara's Violent Unravell  Hex/Alch       0%         3d3       100%        5
 Dispersal                Tloc           0%         N/A       100%        6
 Eringya's Noxious Bog    Alch           0%         4d6       100%        6
 Starburst                Conj/Fire      0%         6d3       100%        6
 Summon Cactus Giant      Summ           0%         N/A       100%        6
 Haunt                    Necr/Summ      0%         N/A       100%        7
 Infestation              Necr           0%         N/A       100%        8
 Maxwell's Capacitive Co  Air            0%         ∞         100%        8
 Animate Dead             Necr           Unusable   N/A       N/A         4

Dungeon Overview and Level Annotations

Branches:
Dungeon (15/15)            Temple (1/1) D:4            Lair (4/5) D:8
  Swamp (0/4) Lair:2       Spider (0/4) Lair:3          Orc (2/2) D:10
    Elf (3/3) Orc:2        Vaults (0/5) D:14         Depths (0/4) D:15
 Bailey (visited)           IceCv (visited)
  Slime: Lair:4-5

Altars:
Ashenzari
Cheibriados
Dithmenos
Elyvilon
Fedhas
Gozag
Hepliaklqana
Kikubaaqudgha
Makhleb
Nemelex Xobeh
Okawaru
Qazlal
Ru
Sif Muna
Trog
Uskayaw
Vehumet
Wu Jian
Xom
Yredelemnul
Zin
The Shining One
Beogh

Shops:
D:8 !   D:15 =[   Orc:2 =(*![   Elf:1 *

Portals:
Pandemonium: Orc:2

Annotations:
Elf:3 Zenata


Innate Abilities, Weirdness & Mutations

You have razor-sharp teeth.
Your natural rate of healing is unusually fast.
When hurt, damage is shared between your health and your magic reserves.
Your bite disrupts and absorbs the magic of your enemies.
Potions cannot restore your health.
You have an increased reservoir of magic. (+10% MP)


Message History

You drain its magic.
The ghostly deep elf death mage is moderately damaged.
The deep elf death mage gestures at you while chanting.
The bolt of negative energy hits you!!
You feel drained.
* * * LOW HITPOINT WARNING * * *
The ghostly deep elf death mage misses you.
The ghostly deep elf annihilator mumbles some strange words.
The ghostly deep elf annihilator blinks!
The deep elf death mage casts a spell at you.
The bolt of negative energy misses you.
The deep elf death mage hits you but does no damage.
Okay, then.
Okay, then.
Okay, then.
You impale the ghostly deep elf death mage!!
You bite the ghostly deep elf death mage!!
The ghostly deep elf death mage's magic leaks into the air.
You drain its magic.
You feel invigorated.
The ghostly deep elf death mage is almost destroyed.
The lost soul is distracted by your dazzling golden aura.
Okay, then.
You puncture the ghostly deep elf death mage!
You destroy the ghostly deep elf death mage!
A deep elf blademaster comes into view. It is wielding two +0 rapiers.
The deep elf master archer shoots an arrow.
The arrow closely misses you.
Aiming: Phantom Mirror
Press: ? - help, Dir - move target, f - deep elf master archer
Aim: a deep elf master archer, wielding a +0 longbow, wearing a +0 leather armour and quivering stones You reflect the deep elf master archer with the mirror!
The mirror clouds!
The lost soul is no longer distracted by gold.
The deep elf annihilator mumbles some strange words.
The deep elf annihilator blinks!
The deep elf death mage gestures at you while chanting.
The bolt of negative energy hits you!!
You feel drained.
* * * LOW HITPOINT WARNING * * *
The deep elf death mage hits you with the +10 demon blade of Theory!
You die...
Your body crumbles into a pile of gold.

### |:
##'## #
##:.!.##e#
#e./*.*#*
. #
##.":)/e'
..e.#####
!e$?*.ee#
?.......e
#$|*§e@#
...e#####
##$*.e## .
###'# #: #


You could see a deep elf blademaster, 4 deep elf death magi, a deep elf master
archer, a ghostly deep elf annihilator, 6 lost souls and a friendly deep elf
master archer (summoned, drained).

Vanquished Creatures
  Rupert (Lair:4)
  Gastronok (Lair:2)
  3 deep elf sorcerers
  A deep elf elementalist (Elf:3)
  Louise (Elf:2)
  An orc warlord (Orc:2)
  6 deep elf death magi (Elf:3)
  3 deep elf demonologists (Elf:3)
  Snorg (D:13)
  A fire dragon (D:12)
  Harold (Orc:1)
  Erolcha (Orc:1)
  2 boulder beetles
  A demonspawn (Orc:2)
  2 ironbound frosthearts (IceCv)
  A sphinx zombie (D:15)
  Erica (D:9)
  An ogre mage (D:14)
  4 centaur warriors
  3 hydras
  26 dancing weapons
  14 death yaks
  2 tengu warriors (D:15)
  11 two-headed ogres
  Sonja (Lair:2)
  16 deep elf knights
  5 orc high priests (Orc:2)
  2 skysharks (Lair:4)
  5 skeletal warriors (D:15)
  A flayed ghost (D:15)
  A deep troll (Lair:1)
  8 deep elf archers
  24 deep elf zephyrmancers
  A necromancer (D:15)
  A lindwurm (Lair:4)
  7 orc knights
  2 manticores
  23 deep elf pyromancers
  6 orc sorcerers (Orc:2)
  11 ugly things
  4 cyclopes
  A faun (shapeshifter) (Elf:3)
  4 elephants
  A torpor snail (Lair:3)
  2 gargoyles
  An ice statue (IceCv)
  4 black mambas
  6 cane toads
  A freezing wraith (D:14)
  12 komodo dragons
  An efreet (D:15)
  3 rime drakes
  4 trolls
  A red devil (Orc:2)
  15 polar bears
  A polar bear (shapeshifter) (Elf:2)
  A merfolk (D:9)
  A queen bee (D:8)
  A hornet (D:8)
  17 blink frogs
  8 dream sheep
  A shadow (D:12)
  3 slime creatures (D:12)
  2 spriggan skeletons (D:15)
  A spriggan (shapeshifter) (D:15)
  3 wraiths
  5 air elementals
  A yak (shapeshifter) (Elf:1)
  2 water elementals (Elf:1)
  A fire elemental (Elf:1)
  48 yaks
  2 vampires
  3 fire bats (Orc:1)
  2 wyverns
  A steam dragon (Lair:1)
  A human (shapeshifter) (Elf:2)
  2 humans (Lair:3)
  A neqoxec (Orc:2)
  7 basilisks
  5 wargs
  11 vampire mosquitoes
  Edmund (D:4)
  A death yak simulacrum (Lair:1)
  Menkaure (D:5)
  3 acid dragons
  6 water moccasins
  Duvessa (D:5)
  34 orc warriors
  A black bear (D:8)
  An ice beast (D:8)
  4 laughing skulls (D:14)
  19 ogres
  19 wolves
  15 centaurs
  2 phantoms
  2 kobold brigands
  9 bullfrogs
  A cane toad simulacrum (Lair:1)
  An earth elemental (Elf:3)
  A scorpion (shapeshifter) (D:14)
  3 gnoll sergeants
  6 scorpions
  4 wights (D:8)
  Dowan (D:5)
  26 killer bees
  6 wolf zombies (Bailey)
  6 electric eels (D:6)
  8 vampire bats (Bailey)
  4 bombardier beetles
  4 howler monkeys
  5 jellies
  5 hounds
  22 orc priests
  A sleepcap (D:7)
  4 iguanas
  19 orc wizards
  5 hell rats (Lair:4)
  Robin (D:2)
  26 gnolls
  7 adders
  3 shadow imps
  6 white imps
  5 dart slugs
  5 ribbon worms
  48 orcs
  7 bats
  4 endoplasms
  6 giant cockroaches
  20 goblins
  7 hobgoblins
  7 jackals
  5 quokkas
  6 ball pythons
  5 frilled lizards
  13 kobolds
  24 orc zombies (Bailey)
  9 rats
859 creatures vanquished.

Vanquished Creatures (collateral kills)
  Donald (Elf:2)
  A deep elf death mage (Elf:3)
  Urug (Orc:1)
  A red devil (Orc:2)
  An orc warrior (Orc:2)
  An orc priest (Orc:2)
  An orc wizard (Orc:1)
  2 orcs (Orc:2)
9 creatures vanquished.

Vanquished Creatures (others)
  A deep elf knight (Elf:2)
  An orc priest (Orc:2)
2 creatures vanquished.

Grand Total: 870 creatures vanquished

Notes
Turn   | Place    | Note
-------+----------+-------------------------------------------
     0 | D:1      | Asceticacid the Vine Stalker Fighter began the quest for
                  | the Orb.
     0 | D:1      | Reached XP level 1. HP: 11/11 MP: 2/2
   162 | D:1      | Reached XP level 2. HP: 16/16 MP: 3/3
   283 | D:1      | Reached skill level 2 in Maces & Flails
   519 | D:1      | Reached XP level 3. HP: 19/20 MP: 2/4
   898 | D:2      | Noticed Robin
  1054 | D:2      | Reached XP level 4. HP: 15/24 MP: 3/5
  1106 | D:2      | Found a faded altar of an unknown god.
  1301 | D:2      | Killed Robin
  1367 | D:2      | Reached skill level 1 in Dodging
  1373 | D:2      | Reached XP level 5. HP: 22/28 MP: 6/6
  1809 | D:3      | You fall into a shaft and drop 3 floors!
  1839 | D:6      | Reached skill level 3 in Maces & Flails
  1855 | D:5      | Entered Level 5 of the Dungeon
  1893 | D:6      | Reached XP level 6. HP: 31/32 MP: 7/7
  2074 | D:5      | Reached skill level 4 in Maces & Flails
  2193 | D:5      | Reached XP level 7. HP: 31/37 MP: 8/8
  2684 | D:3      | Identified the +0 pair of gloves "Foechiam" {Str+8}
  2855 | D:3      | Found a radiant altar of Vehumet.
  3159 | D:4      | Reached skill level 1 in Evocations
  3204 | D:4      | Found a staircase to the Ecumenical Temple.
  3420 | Temple   | Entered the Ecumenical Temple
  3430 | Temple   | Became a worshipper of Gozag Ym Sagoz the Greedy
  3461 | D:4      | Found a hazy altar of Hepliaklqana.
  3538 | D:4      | Gained mutation: You sometimes lose your temper in combat.
                  | [potion of mutation]
  3538 | D:4      | Gained mutation: You are clumsy. (Dex -2) [potion of
                  | mutation]
  3538 | D:4      | HP: 1/37 [gnoll sergeant/+6 spear (5)]
  3613 | D:3      | Lost mutation: You sometimes lose your temper in combat.
                  | [potion of mutation]
  3613 | D:3      | Lost mutation: You are clumsy. (Dex -2) [potion of
                  | mutation]
  3613 | D:3      | Gained mutation: You have an increased reservoir of magic.
                  | (+10% MP) [potion of mutation]
  3918 | D:4      | Gained mutation: You have razor-sharp teeth. [Vine Stalker
                  | growth]
  3918 | D:4      | Reached XP level 8. HP: 39/42 MP: 7/9
  3923 | D:4      | Reached skill level 5 in Maces & Flails
  4029 | D:4      | Noticed Edmund
  4077 | D:4      | Killed Edmund
  4287 | D:5      | Noticed Menkaure
  4318 | D:5      | Killed Menkaure
  4385 | D:5      | Noticed Dowan
  4386 | D:5      | Noticed Duvessa
  4388 | D:5      | Killed Dowan
  4397 | D:5      | Killed Duvessa
  4488 | D:5      | Found a blossoming altar of Fedhas.
  4611 | D:5      | Found a snail-covered altar of Cheibriados.
  4675 | D:5      | Reached skill level 6 in Maces & Flails
  4804 | D:6      | Reached XP level 9. HP: 46/46 MP: 10/10
  4878 | D:6      | Found a glowing golden altar of the Shining One.
  5074 | D:6      | Noticed a two-headed ogre
  5085 | D:6      | Killed a two-headed ogre
  5086 | D:6      | Reached skill level 5 in Fighting
  5086 | D:6      | Reached skill level 7 in Maces & Flails
  5964 | D:7      | Identified the +5 hand axe of the Old World {chaos, rElec
                  | Will++}
  6232 | D:8      | Noticed a komodo dragon
  6300 | D:8      | Reached skill level 8 in Maces & Flails
  6310 | D:8      | Noticed a troll
  6324 | D:8      | Killed a troll
  6325 | D:8      | Reached skill level 5 in Armour
  6377 | D:8      | Reached XP level 10. HP: 36/53 MP: 12/12
  6610 | D:8      | Bought a potion of haste for 100 gold pieces
  6635 | D:8      | Found a sacrificial altar of Ru.
  6689 | D:8      | Reached skill level 1 in Throwing
  6726 | D:8      | Found a staircase to the Lair.
  6726 | D:8      | Noticed an elephant
  6735 | D:8      | Killed an elephant
  6736 | D:8      | Reached skill level 9 in Maces & Flails
  6745 | D:8      | Reached skill level 5 in Evocations
  6890 | D:8      | Found a glowing silver altar of Zin.
  8004 | D:9      | Noticed Erica
  8017 | D:9      | Killed Erica
  8018 | D:9      | Reached XP level 11. HP: 50/58 MP: 7/13
  8063 | D:9      | Found a white marble altar of Elyvilon.
  8123 | D:9      | Identified the +0 leather armour of Kotoxkom {rC+}
  8397 | D:9      | Found a hide-covered altar of Uskayaw.
  8406 | D:9      | Noticed a two-headed ogre
  8421 | D:9      | Killed a two-headed ogre
  8548 | D:9      | Found an opulent altar of Gozag.
  9145 | Lair:1   | Entered Level 1 of the Lair of Beasts
  9188 | Lair:1   | Reached skill level 10 in Maces & Flails
  9247 | Lair:1   | Found a frozen archway.
  9320 | IceCv    | Entered an ice cave
  9326 | IceCv    | Identified a scroll of acquirement
  9326 | IceCv    | Acquired 498 gold pieces
  9610 | IceCv    | Reached skill level 11 in Maces & Flails
  9610 | IceCv    | Reached XP level 12. HP: 57/63 MP: 12/14
  9841 | IceCv    | Noticed a death yak
  9841 | IceCv    | Noticed a death yak
  9848 | IceCv    | Killed a death yak
  9852 | IceCv    | Killed a death yak
  9888 | IceCv    | Noticed a death yak
  9888 | IceCv    | Noticed an ironbound frostheart
  9889 | IceCv    | Noticed an ironbound frostheart
  9906 | IceCv    | Killed a death yak
  9920 | IceCv    | Killed an ironbound frostheart
  9933 | IceCv    | Killed an ironbound frostheart
  9934 | IceCv    | Reached skill level 12 in Maces & Flails
 10876 | Lair:2   | Found a staircase to the Swamp.
 10893 | Lair:2   | Reached XP level 13. HP: 69/69 MP: 15/15
 11077 | Lair:2   | Noticed Gastronok
 11148 | Lair:2   | Killed Gastronok
 11149 | Lair:2   | Reached skill level 13 in Maces & Flails
 11490 | Lair:2   | Noticed Sonja
 11494 | Lair:2   | Killed Sonja
 11759 | Lair:3   | Found a hole to the Spider Nest.
 12341 | Lair:3   | Reached skill level 14 in Maces & Flails
 12552 | Lair:3   | Reached XP level 14. HP: 76/76 MP: 16/16
 12883 | Lair:4   | Reached skill level 10 in Fighting
 13574 | Lair:4   | Noticed Rupert
 13574 | Lair:4   | Paralysed by Rupert for 4 turns
 13732 | Lair:4   | Killed Rupert
 14390 | D:10     | Entered Level 10 of the Dungeon
 14390 | D:10     | Found a flagged portal.
 14415 | D:10     | Identified the +7 halberd "Xeweag" {heavy, rC+ Int+5}
 14417 | D:10     | Identified the +6 halberd "Namual" {elec, rElec}
 14419 | D:10     | Identified the +8 halberd of Fortitude {holy, rElec Str+3}
 14424 | Bailey   | Entered a bailey
 14831 | Bailey   | Found the +5 demon whip "Spellbinder" {antimagic, disrupt,
                  | Will+}
 14940 | D:10     | Found a staircase to the Orcish Mines.
 15217 | D:10     | Found a broken altar of Ashenzari.
 16319 | D:12     | Reached skill level 10 in Armour
 16698 | D:13     | Noticed Snorg
 16713 | D:13     | Killed Snorg
 17101 | D:13     | Got the Papyrus of the Secret Coins
 17460 | D:14     | Reached XP level 15. HP: 54/81 MP: 17/17
 17699 | D:14     | Reached skill level 5 in Dodging
 18064 | D:14     | Found a gate to the Vaults.
 18531 | D:15     | Entered Level 15 of the Dungeon
 18778 | D:15     | Identified the +2 pair of boots of Oblivion {Str+3 Int+4
                  | Dex+3}
 18865 | D:15     | Bought the ring of Qazakhlef {+Blink rCorr AC+4 Str-3 SInv}
                  | for 642 gold pieces
 18923 | D:15     | Bought a fine plate armour for 812 gold pieces
 18923 | D:15     | Identified the +0 plate armour of Lethargy {Dex+2 Slay+3}
                  | (You bought it in a shop on level 15 of the Dungeon)
 19130 | D:15     | Reached skill level 5 in Throwing
 19150 | D:15     | Found a staircase to the Depths.
 20406 | Orc:1    | Entered Level 1 of the Orcish Mines
 20600 | Orc:2    | Entered Level 2 of the Orcish Mines
 20667 | Orc:2    | Found a roughly hewn altar of Beogh.
 20721 | Orc:1    | Noticed Urug
 20740 | Orc:1    | Killed Urug
 20947 | Orc:1    | Noticed Harold
 20960 | Orc:1    | Killed Harold
 21055 | Orc:1    | Noticed Erolcha
 21102 | Orc:1    | Killed Erolcha
 21497 | Orc:2    | Found a staircase to the Elven Halls.
 21685 | Orc:2    | Noticed an orc warlord
 21747 | Orc:2    | Killed an orc warlord
 21748 | Orc:2    | Reached XP level 16. HP: 86/86 MP: 18/18
 22029 | Orc:2    | Found Faqoiv's General Store.
 22223 | Orc:2    | Found Uwnutif's Distillery.
 22453 | Orc:2    | Reached skill level 10 in Evocations
 22639 | Orc:2    | Found Lypyed's Jewellery Shoppe.
 22639 | Orc:2    | Found Guvulypt's Antique Weapon Emporium.
 22641 | Orc:2    | Found a one-way gate leading to the halls of Pandemonium.
 22645 | Orc:2    | Bought the ring "Orea" {^Drain +Blink rElec Will+ Int+4}
                  | for 634 gold pieces
 22840 | Orc:2    | Bought the +12 chain mail of the Komodo Dragon {+Inv rC+
                  | Dex+2} for 1166 gold pieces
 22875 | Elf:1    | Entered Level 1 of the Elven Halls
 23097 | Elf:1    | Found Nukinnal's General Store.
 23113 | Elf:1    | Paralysed by an air elemental for 1 turns
 23287 | Elf:1    | Reached skill level 15 in Maces & Flails
 23876 | Elf:2    | Paralysed by an air elemental for 1 turns
 24183 | Elf:2    | Reached XP level 17. HP: 76/90 MP: 14/19
 24215 | Elf:2    | Found a runed translucent gate.
 24216 | Elf:2    | Found a runed translucent gate.
 24216 | Elf:2    | Found a runed translucent gate.
 24610 | Elf:2    | Noticed Donald
 24652 | Elf:2    | Killed Donald
 25257 | Elf:2    | Reached skill level 16 in Maces & Flails
 25519 | Elf:2    | Noticed Louise
 25569 | Elf:2    | Killed Louise
 25692 | Elf:3    | Entered Level 3 of the Elven Halls
 26047 | Elf:3    | Noticed a Tzitzimitl
 26132 | Elf:3    | Noticed Zenata
 26150 | Elf:3    | Found the amulet of the Air {Inacc Air Fly rElec RMsl}
 26196 | Elf:3    | Noticed a Brimstone Fiend
 26209 | Elf:3    | Noticed a deep elf master archer
 26219 | Elf:3    | Identified the ring "Foyphoob" {rF+ rC+}
 26234 | Elf:3    | Identified the +10 demon blade of Theory {elec, rF+ Str-2
                  | Dex+8}
 26243 | Elf:3    | Noticed a deep elf blademaster
 26244 | Elf:3    | HP: 3/85 [deep elf death mage/bolt of negative energy (8)]
 26244 | Elf:3    | Slain by a deep elf death mage

Illustrated notes

Levels and vault maps discovered:
D:1:      erik_arrival_cave_to_civilisation [erik_arrival_cave_to_hall],
          layout_basic, serial_park_tiny_1, minivault_4
D:2:      layout_loops_cross, chequers_ecumenical_altar_twisty,
          kennysheep_generic_room_6, uniq_robin
D:3:      layout_basic, mainiacjoe_overflow_six_doors_small,
          chequers_hall_statues_y
D:4:      layout_gridville, mainiacjoe_overflow_chevrons, temple_pool_b,
          serial_glass, glass_columns_b, glass_columns_a, feat_on_display,
          cheibrodos_gnoll_hut, uniq_edmund
D:5:      layout_gridville, slow_altar_2, mainiacjoe_overflow_alcove_1,
          corner_web_ring, chequers_serial_rivers_room_b, uniq_menkaure,
          uniq_duvessa
D:6:      cheibrodos_two_vegetables, layout_cave_pools, tso_oasis_becter
D:7:      layout_loops_cross, water_maze_lemuel
D:8:      layout_basic, zin_treasury, mainiacjoe_overflow_tiny_flanked,
          grunt_lair_entry_orc_guard_hut, nicolae_looking_at_the_future
D:9:      layout_long_grid, mainiacjoe_overflow_catch_the_wave,
          roadster_trireme, uniq_erica
D:10:     layout_long_grid, nicolae_ashenzari_skybound, david_orc_2,
          enter_bailey_2
D:11:     layout_roguey
D:12:     layout_rooms
D:13:     layout_roguey, minivault_10, wad_floor_pattern_untrapped, uniq_snorg
D:14:     layout_cave_pods, david_vaults_2
D:15:     gammafunk_depths_entry_grave, layout_layer_cave,
          minmay_misc_feat_columns
Temple:   nicolae_temple_no_exploring_needed
Lair:1:   dreamdust_cave_troll, layout_cave_shapes,
          portal_ice_cave_entry_ice_simulacra, serial_bayou_shore_b
Lair:2:   layout_misc_corridors, swamp_mist, minivault_19, serial_bayou_shore_b,
          lemuel_fruit_tree, uniq_gastronok, uniq_sonja
Lair:3:   slaughterhouse, layout_chaotic_city, nicolae_spider_entry_non_spiders,
          serial_bayou_shore_b
Lair:4:   layout_cave_pods, nicolae_quartered_pool_impasse, uniq_rupert
Orc:1:    lemuel_ogre_cave, layout_caves, nicolae_volcano_entry_batcave,
          uniq_harold, uniq_urug
Orc:2:    pf_orc_diabolical, layout_diamond_mine, basic_altar
Elf:1:    layout_geoelf_octagon, serial_shops, shop,
          hangedman_elven_crosses_minicolossus, lemuel_upstairs_altar
Elf:2:    nicolae_elf_blades_crystal_corner, layout_loops_ring, uniq_donald,
          uniq_louise
Elf:3:    grunt_elf_hall_spiral, layout_geoelf_diagonals, serial_shops,
          bzr_entry_road, uniq_zenata

Skill      XL: |  1  2  3  4  5  6  7  8  9 10 11 12 13 14 15 16 17 |
---------------+----------------------------------------------------+-----
Fighting       | 3 4 5 6 7 8 9 10 | 10.5
Shields        | 3 4 |  4.1
Maces & Flails | 2 3 4 6 8 9 11 12 14 15 16 | 16.4
Dodging        | 1 2 3 4 6 7 8 |  8.5
Armour         | 3 4 5 6 7 8 10 12 14 | 14.8
Evocations     | 1 3 4 5 7 8 9 10 11 | 11.4
Throwing       | 2 3 5 |  5.4

Action                     |  1- 3 |  4- 6 |  7- 9 | 10-12 | 13-15 | 16-18 || total
---------------------------+-------+-------+-------+-------+-------+-------++-------
  Melee: Flail             |   101 |   137 |   130 |       |       |       ||   368
         Bite              |    17 |    28 |    72 |   204 |   540 |   353 ||  1214
         Dire flail        |       |       |   124 |   521 |  1148 |   883 ||  2676
         Demon whip        |       |       |       |       |    77 |       ||    77
  Throw: Dart              |       |     2 |     7 |    40 |     6 |     3 ||    58
 Invoke: Call Merchant     |       |       |       |     1 |     2 |     1 ||     4
         Potion Petition   |       |       |       |     1 |     1 |     3 ||     5
  Evoke: Wand              |       |     2 |     5 |    11 |     3 |     2 ||    23
         Phantom mirror    |       |       |       |       |     1 |     2 ||     3
         Box of beasts     |       |       |       |       |     1 |     2 ||     3
    Use: Scroll            |       |       |     8 |    11 |    10 |     2 ||    31
         Potion            |       |       |     3 |       |     2 |     1 ||     6
   Stab: Distracted        |       |       |       |     5 |    15 |     6 ||    26
         Invisible         |       |       |       |       |     1 |       ||     1
         Paralysed         |       |       |       |       |       |     1 ||     1
 Armour: Scale mail        |   104 |   103 |   209 |    39 |       |       ||   455
         Plate armour      |       |       |       |   398 |   753 |    62 ||  1213
         Chain mail        |       |       |       |       |       |   411 ||   411
  Dodge: Dodged            |    81 |    46 |   137 |   301 |   621 |   357 ||  1543
  Block: Buckler           |    41 |    32 |    50 |       |       |       ||   123

Table legend: (Time is in decaauts)
 A = Elapsed time spent in this place.
 B = Non-inter-level travel time spent in this place.
 C = Inter-level travel time spent in this place.
 D = Time resting spent in this place.
 E = Time spent auto-exploring this place.
 F = Levels seen in this place.
 G = Mean time per level.
                   A        B        C        D        E       F      G
               +--------+--------+--------+--------+--------+-----+--------+
         Total |  25477 |  23762 |   1715 |    710 |  15055 |  27 |  943.6 |
       Dungeon |  14667 |  13471 |   1196 |    428 |   9167 |  15 |  977.8 |
        Temple |     16 |     11 |      5 |      0 |      0 |   1 |   16.0 |
          Lair |   4242 |   4029 |    213 |    120 |   2751 |   4 | 1060.5 |
  Orcish Mines |   2321 |   2090 |    231 |     29 |   1029 |   2 | 1160.5 |
   Elven Halls |   3052 |   2984 |     68 |    118 |   1551 |   3 | 1017.3 |
        Bailey |    452 |    452 |      0 |      0 |    200 |   1 |  452.0 |
      Ice Cave |    724 |    724 |      0 |     13 |    355 |   1 |  724.0 |
               +--------+--------+--------+--------+--------+-----+--------+

Top non-repeatable levels by time:
    D:15: 1706 daAuts
   Elf:2: 1692 daAuts
     D:8: 1333 daAuts
   Orc:2: 1323 daAuts
  Lair:4: 1250 daAuts
     D:9: 1210 daAuts
     D:6: 1189 daAuts
  Lair:3: 1108 daAuts
    D:14: 1061 daAuts
     D:4: 1027 daAuts
  Lair:2: 1018 daAuts
   Orc:1: 997 daAuts
     D:3: 991 daAuts
     D:1: 942 daAuts
     D:2: 903 daAuts
